AoeStats
← Chicle

Nomad

510006376Analyzed
3v3 RM · 4d ago on Sep 29, 2026· 42m 2s· 6 players
Game mode
Random Map
Map size
210×210
Population
200
Speed
Normal
Resources
Standard
Victory
Conquest
Starting age
Dark Age
Ending age
Imperial Age
RankedLock teamsTeams togetherTeam positionsShared explorationLock speedFull tech treeHidden civsTurbo modeCheats
Victory
Defeat
🇲🇽 Khmer · Mexico
1166
+14
🇧🇴 Italians · Bolivia
1131
+15
🇲🇽 Spanish · Mexico
1091
+17
🇺🇾 Koreans · Uruguay
1207
-20
🇺🇾 Persians · Uruguay
1094
-14
🇺🇾 Maya · Uruguay
1030
-12
MUERTOMAGICO_GG
4:56 Loom
12:52 Feudal Age
13:40 Double-Bit Axe
17:38 Fletching
18:39 Stone Mining
20:45 Wheelbarrow
23:34 Castle Age
21:52 Padded Archer Armor
21:52 Fishing Lines
24:52 Bow Saw
24:59 Bodkin Arrow
26:48 Horse Collar
30:54 Leather Archer Armor
31:01 Town Watch
33:45 Hand Cart
34:19 Ballistics
34:41 Masonry
38:05 Elite Skirmisher
Chicle
4:59 Loom
14:53 Feudal Age
15:33 Double-Bit Axe
15:42 Stone Mining
17:39 Fletching
27:01 Castle Age
25:26 Horse Collar
25:47 Man-at-Arms
27:56 Bodkin Arrow
27:22 Crossbowman
29:56 Thumb Ring
32:38 Wheelbarrow
40:37 Imperial Age
sufran_
11:01 Loom
11:10 Loom
13:31 Feudal Age
16:12 Gold Mining
16:27 Double-Bit Axe
20:21 Fletching
24:19 Castle Age
25:06 Medium Warships
SooS...
15:24 Feudal Age
25:53 Castle Age
23:51 Fletching
23:58 Double-Bit Axe
24:05 Gold Mining
24:22 Stone Mining
24:21 Fishing Lines
27:38 Horse Collar
33:52 Imperial Age
33:41 Bodkin Arrow
40:20 Padded Archer Armor
42:43 Leather Archer Armor
42:28 Bracer
Sonaron Disparos
5:34 Loom
12:17 Feudal Age
13:51 Double-Bit Axe
17:28 Fletching
23:08 Bloodlines
24:02 Gold Mining
26:37 Horse Collar
37:02 Castle Age
36:46 Fishing Lines
38:12 Forging
38:13 Scale Barding Armor
crepaz
3:55 Loom
15:50 Feudal Age
19:51 Castle Age
20:06 Town Watch
20:12 Double-Bit Axe
32:51 Imperial Age
31:58 Wheelbarrow
38:31 Scale Barding Armor
42:20 Ballistics
Connection lost

Rejoining the realm…

Still unreachable

The connection could not be restored.

Session expired

The server has moved on; the page needs a fresh start.